[Event "Titled Tuesday Blitz November 22 Early 2022"]
[White "Stankovic, Ivan G"]
[Black "Spalir, Monika"]
[WhiteFideId "902837"]
[BlackFideId "14609118"]
[WhiteElo "2226"]
[BlackElo "2032"]
[Result "1-0"]
[Round "05"]
[TimeControl "180+1"]
[Date "2022.11.23"]
[WhiteClock "0:01:02"]
[BlackClock "0:00:01"]

1. e4 c5 2. c4 Nc6 3. Nc3 g6 4. g3 Bg7 5. Bg2 d6 6. Nge2 e6 7. d3 Nge7 8. Be3 O-O 9. d4 cxd4 10. Nxd4 Nxd4 11. Bxd4 e5 12. Be3 Nc6 13. O-O Be6 14. b3 Rc8 15. Qd2 f5 16. Rad1 Qe8 17. exf5 gxf5 18. Nb5 Qh5 19. f4 e4 20. Nxd6 Rcd8 21. c5 Rf6 22. Qc1 Rh6 23. h3 Rg6 24. Kh2 Nb4 25. Nxb7 Rxd1 26. Qxd1 Qxd1 27. Rxd1 Nd3 28. Bf1 Bd5 29. Nd6 h5 30. Bxd3 exd3 31. Rxd3 Bc6 32. Nxf5 Bf6 33. Rd6 Be4 34. Nh4 Bxh4 35. Rxg6+ Bxg6 36. gxh4 Kf7 37. Kg3 Ke7 38. Kf3 Kd7 39. Bd4 Bf5 40. Ke3 Bxh3 41. Ke4 Ke6 42. Bf2 Bf5+ 43. Kd4 Bg4 44. b4 a6 45. a4 Bf5 46. b5 axb5 47. axb5 Kd7 48. c6+ Kc7 49. Kc5 Be4 50. Bd4 Bf3 51. Be5+ Kc8 52. b6 1-0


[Site "https://www.chess.com"]

[Event "Titled Tuesday Blitz November 22 Early 2022"]
[White "Stijve, Theo"]
[Black "Weetik, Vjacheslav"]
[WhiteFideId "1331132"]
[BlackFideId "4153472"]
[WhiteElo "2256"]
[BlackElo "2469"]
[Result "1-0"]
[Round "05"]
[TimeControl "180+1"]
[Date "2022.11.23"]
[WhiteClock "0:00:19"]
[BlackClock "0:00:05"]

1. Nf3 Nf6 2. c4 g6 3. b3 Bg7 4. Bb2 O-O 5. g3 c6 6. Bg2 d5 7. O-O Bg4 8. d4 Nbd7 9. Nc3 Nb6 10. Ne5 Be6 11. c5 Nbd7 12. f4 Bf5 13. Qd2 Ne4 14. Qe3 Ndf6 15. h3 Nxc3 16. Bxc3 Be4 17. Bf3 Qc8 18. g4 Re8 19. b4 b6 20. cxb6 axb6 21. a4 Bxf3 22. exf3 Nd7 23. a5 bxa5 24. bxa5 c5 25. dxc5 Qxc5 26. Bd4 Qd6 27. Rfc1 Nxe5 28. fxe5 Qa6 29. f4 Rab8 30. Bb6 Rbc8 31. e6 Bxa1 32. exf7+ Kxf7 33. Rxa1 Qc4 34. Re1 Qe4 35. Qf2 Qd3 36. Qe2 Qxe2 37. Rxe2 Rc1+ 38. Kf2 Rec8 39. a6 Ra1 40. a7 Ra8 41. Bd4 R8xa7 42. Bxa7 Rxa7 43. Rd2 e6 44. Kg3 Kf6 45. Kh4 Ra4 46. Kg3 h6 47. h4 g5 48. hxg5+ hxg5 49. f5 Ra3+ 50. Kg2 exf5 51. gxf5 Ke5 52. f6 Ra6 53. f7 Rf6 54. Rf2 1-0


[Site "https://www.chess.com"]

[Event "Titled Tuesday Blitz November 22 Early 2022"]
[White "Streltsov, Alexey"]
[Black "Ansh M Shah"]
[WhiteFideId "24104434"]
[BlackFideId "25033379"]
[WhiteElo "2548"]
[BlackElo "2084"]
[Result "0-1"]
[Round "05"]
[TimeControl "180+1"]
[Date "2022.11.23"]
[WhiteClock "0:00:20"]
[BlackClock "0:00:14"]

1. d4 Nf6 2. Nc3 e6 3. e4 d5 4. e5 Nfd7 5. f4 c5 6. Nf3 Nc6 7. Be3 a6 8. Ne2 b5 9. c3 Be7 10. g4 b4 11. f5 bxc3 12. bxc3 cxd4 13. cxd4 O-O 14. h4 Nb6 15. f6 gxf6 16. Bh6 fxe5 17. Bxf8 Qxf8 18. dxe5 Nc4 19. Nf4 Bb4+ 20. Kf2 N6xe5 21. Bxc4 Nxc4 22. Qd3 Bc5+ 23. Kg2 Ne3+ 24. Kh3 e5 25. Nxe5 Qg7 26. Qc3 Nxg4 27. Nh5 Ne3+ 28. Kh2 Qg2# 0-1


[Site "https://www.chess.com"]

[Event "Titled Tuesday Blitz November 22 Early 2022"]
[White "Svane, Rasmus"]
[Black "Babazada, Khazar"]
[WhiteFideId "4657101"]
[BlackFideId "13413554"]
[WhiteElo "2674"]
[BlackElo "2359"]
[Result "1-0"]
[Round "05"]
[TimeControl "180+1"]
[Date "2022.11.22"]
[WhiteClock "0:00:05"]
[BlackClock "0:00:06"]

1. Nf3 g6 2. e4 Bg7 3. d4 c6 4. Bd3 d5 5. exd5 cxd5 6. h3 Nc6 7. c3 Nf6 8. Bf4 O-O 9. O-O Bf5 10. Re1 e6 11. Bf1 h5 12. Nbd2 Ne4 13. Nxe4 Bxe4 14. Nd2 Bf5 15. g4 hxg4 16. hxg4 g5 17. gxf5 gxf4 18. Qg4 exf5 19. Qxf5 Qd6 20. Bd3 Rfe8 21. Nf3 Qh6 22. Kg2 Re6 23. Qxd5 Rd8 24. Qg5 Qxg5+ 25. Nxg5 Rh6 26. Rh1 Rdd6 27. Rxh6 Bxh6 28. Nf3 a6 29. Re1 Kf8 30. Ne5 Ne7 31. Kf3 b5 32. a3 Bg7 33. Kxf4 Nd5+ 34. Ke4 Nc7 35. f4 Rh6 36. Re2 Ne6 37. Rf2 Rh3 38. b4 Ke7 39. d5 Nd8 40. Ra2 Nb7 41. a4 Bh6 42. axb5 Nd6+ 43. Kd4 Bxf4 44. Nc6+ Kd7 45. bxa6 Be3+ 46. Ke5 Rf3 47. Nb8+ Kc7 48. a7 Bf4+ 49. Kd4 Be3+ 50. Ke5 Bh6 51. a8=N+ Kxb8 52. Kxd6 Rxd3 53. c4 Bf4+ 54. Kc6 Rb3 55. b5 Rc3 56. Nb6 Be3 57. Ra8# 1-0


[Site "https://www.chess.com"]

[Event "Titled Tuesday Blitz November 22 Early 2022"]
[White "Szente Varga, Fruzsina"]
[Black "Cramling Bellon, Anna"]
[WhiteFideId "712264"]
[BlackFideId "32009232"]
[WhiteElo "1994"]
[BlackElo "1972"]
[Result "1/2-1/2"]
[Round "05"]
[TimeControl "180+1"]
[Date "2022.11.23"]
[WhiteClock "0:01:24"]
[BlackClock "0:00:03"]

1. e4 c5 2. Nf3 e6 3. b3 Nf6 4. e5 Nd5 5. Bb2 Nc6 6. Bb5 d6 7. O-O Bd7 8. exd6 Nf6 9. d4 Bxd6 10. d5 exd5 11. Re1+ Be6 12. Ng5 O-O 13. Nxe6 fxe6 14. Rxe6 d4 15. Nd2 Qd7 16. Bc4 Kh8 17. Nf3 Na5 18. Qe2 Nxc4 19. Qxc4 b5 20. Qe2 Rae8 21. Re1 Rxe6 22. Qxe6 Re8 23. Qxd7 Rxe1+ 24. Nxe1 Nxd7 25. b4 Kg8 26. bxc5 Bxc5 27. Nd3 Bb6 28. Nb4 Nf6 29. Nc6 Nd5 30. Nxd4 Nb4 31. a3 Bxd4 32. Bxd4 Nxc2 33. Bxa7 Nxa3 34. Bc5 Nc4 35. Kf1 Kf7 36. Ke2 Ke6 37. Kd3 Kd5 38. Bb4 Ne5+ 39. Kc3 Nc6 40. Bf8 g6 41. f3 h5 42. h4 Na5 43. Kb4 Nc4 44. Kxb5 Ne3 45. g3 Nf5 46. g4 hxg4 47. fxg4 Nxh4 48. Be7 Nf3 49. Kb4 Ke4 50. Kc4 Kf4 51. Kd3 Kxg4 52. Ke3 Ne5 53. Kf2 g5 54. Bxg5 1/2-1/2


[Site "https://www.chess.com"]

[Event "Titled Tuesday Blitz November 22 Early 2022"]
[White "Szyszylo, Rafal"]
[Black "Lakshmi C"]
[WhiteFideId "1109626"]
[BlackFideId "25035347"]
[WhiteElo "1981"]
[BlackElo "1865"]
[Result "0-1"]
[Round "05"]
[TimeControl "180+1"]
[Date "2022.11.23"]
[WhiteClock "0:00:02"]
[BlackClock "0:00:17"]

1. e4 c5 2. Nf3 Nc6 3. Bb5 g6 4. O-O Bg7 5. c3 e5 6. d3 a6 7. Ba4 Qe7 8. Re1 d6 9. h3 Nf6 10. Nbd2 O-O 11. Bc2 Nh5 12. Nc4 Qc7 13. a4 Na5 14. Ne3 Nf4 15. Nf1 Ne6 16. Ne3 f5 17. b4 Nc6 18. Nd5 Qd8 19. Ba3 f4 20. Bb3 Kh8 21. a5 cxb4 22. cxb4 Ned4 23. Nxd4 Nxd4 24. f3 Qg5 25. Kh1 Qg3 26. Ra2 Nxb3 27. Rf1 Nd4 28. Bb2 Nc6 29. Qb3 Be6 30. Bc3 Ne7 31. b5 Nxd5 32. exd5 Bf5 33. Be1 Qg5 34. Bb4 Rfd8 35. Rd2 axb5 36. Qa3 Qe7 37. Rc1 Qd7 38. Rb1 Bf8 39. Qb3 Rdc8 0-1


[Site "https://www.chess.com"]

[Event "Titled Tuesday Blitz November 22 Early 2022"]
[White "Tabatabaei, M. Amin"]
[Black "Papasimakopoulos, Alexandros"]
[WhiteFideId "12521213"]
[BlackFideId "4244125"]
[WhiteElo "2557"]
[BlackElo "2365"]
[Result "1-0"]
[Round "05"]
[TimeControl "180+1"]
[Date "2022.11.22"]
[WhiteClock "0:00:13"]
[BlackClock "0:00:22"]

1. d4 e6 2. e4 d5 3. Bd3 c5 4. exd5 exd5 5. dxc5 Bxc5 6. Nf3 Nf6 7. O-O O-O 8. Bg5 Nc6 9. Nc3 Be6 10. Qd2 Re8 11. Rad1 h6 12. Bh4 d4 13. Bxf6 Qxf6 14. Ne4 Qe7 15. a3 Bb6 16. Rfe1 Rad8 17. Qf4 Bc7 18. Qd2 a6 19. h3 Bb8 20. b4 Qc7 21. Ng3 Qf4 22. Qxf4 Bxf4 23. Be4 Bxg3 24. fxg3 Bd5 25. Bxd5 Rxe1+ 26. Nxe1 Rxd5 27. Nd3 b6 28. Re1 Kf8 29. g4 Rd8 30. Kf2 Rc8 31. Kf3 Na7 32. Re4 Rxc2 33. Rxd4 Nb5 34. Rd8+ Ke7 35. Rb8 Rc3 36. Ke4 Rc4+ 37. Ke3 Nxa3 38. Rb7+ Kf8 39. Rxb6 f6 40. Rxa6 Nc2+ 41. Kd2 Nxb4 42. Ra4 Rc2+ 43. Kd1 Nxd3 44. Kxc2 Ne1+ 45. Kd2 Nxg2 46. Ke2 Kf7 47. Kf2 Nh4 48. Ra7+ Kg8 49. Kg3 Ng6 50. Kf3 Ne5+ 51. Ke4 Kh7 52. Kf5 Nf3 53. Ra3 Nd4+ 54. Ke4 Nb5 55. Rd3 Nc7 56. Kf5 Na6 57. Rc3 Nb4 58. Ke4 Kg6 59. Rc4 Na6 60. Kd5 Kg5 61. Kc6 Kh4 62. Kb7 Kxh3 63. Kxa6 Kh4 64. Kb5 h5 65. gxh5+ Kxh5 66. Kc5 f5 67. Kd4 Kg4 68. Ke3+ Kg3 69. Ke2 g5 70. Kf1 f4 71. Rc5 g4 72. Rc3+ f3 73. Rb3 Kh3 74. Kf2 Kh2 75. Rb8 g3+ 76. Kxf3 g2 77. Rh8+ Kg1 78. Rg8 Kh1 79. Kf2 g1=Q+ 80. Rxg1+ Kh2 81. Rg3 Kh1 82. Rh3# 1-0


[Site "https://www.chess.com"]

[Event "Titled Tuesday Blitz November 22 Early 2022"]
[White "Tanenbaum, Zachary"]
[Black "Sarana, Alexey"]
[WhiteFideId "2060850"]
[BlackFideId "24133795"]
[WhiteElo "2175"]
[BlackElo "2708"]
[Result "0-1"]
[Round "05"]
[TimeControl "180+1"]
[Date "2022.11.22"]
[WhiteClock "0:00:26"]
[BlackClock "0:00:35"]

1. e4 c5 2. Nf3 d6 3. d4 cxd4 4. Nxd4 Nf6 5. Nc3 a6 6. Be3 e5 7. Nb3 Be6 8. h3 h6 9. f4 exf4 10. Bxf4 Nc6 11. Qe2 Nd7 12. O-O-O Nde5 13. Kb1 Be7 14. Nd5 Rc8 15. g4 Bg5 16. Be3 Bxe3 17. Qxe3 Bxd5 18. exd5 Ne7 19. Bg2 O-O 20. c3 Nc4 21. Qd4 Ng6 22. Nd2 Nge5 23. Nxc4 Rxc4 24. Qd2 b5 25. a3 Qh4 26. Bf1 Rc5 27. Bd3 a5 28. Qe2 Rb8 29. Qe4 g6 30. Qe3 Kg7 31. Qd4 Kg8 32. Rhe1 Qf6 33. Rf1 Qg5 34. Rfe1 Nf3 35. h4 Qxh4 36. Qf4 Nxe1 37. Qxd6 Rbc8 38. Bxg6 Qf2 39. Bf5 Qe2 40. Rc1 Nd3 41. Bxd3 Qxd3+ 42. Ka1 Qxd5 43. Qxh6 Qg5 44. Qh1 b4 45. Qe1 bxc3 46. bxc3 Re5 47. Qd1 Qe7 48. Ka2 Re2+ 49. Rc2 Rxc2+ 50. Qxc2 Qe6+ 0-1


[Site "https://www.chess.com"]

[Event "Titled Tuesday Blitz November 22 Early 2022"]
[White "Tang, Andrew"]
[Black "Jobava, Baadur"]
[WhiteFideId "2059630"]
[BlackFideId "13601520"]
[WhiteElo "2581"]
[BlackElo "2582"]
[Result "1-0"]
[Round "05"]
[TimeControl "180+1"]
[Date "2022.11.22"]
[WhiteClock "0:00:06"]
[BlackClock "0:00:01"]

1. d4 d5 2. Bf4 Nf6 3. e3 c5 4. dxc5 e6 5. b4 a5 6. c3 axb4 7. cxb4 b6 8. Bxb8 Rxb8 9. Bb5+ Ke7 10. c6 g6 11. Nc3 Bg7 12. Rc1 Qd6 13. Qa4 Ne8 14. Be2 Nc7 15. Nb5 Ra8 16. Qb3 Nxb5 17. Bxb5 e5 18. Nf3 Be6 19. O-O Rhc8 20. a4 Bf6 21. Rfd1 Kf8 22. Nd2 Be7 23. Qb2 Qc7 24. f4 f6 25. Nf3 Bd6 26. fxe5 fxe5 27. Rd2 Kg7 28. Rcd1 Ra7 29. h3 Kg8 30. Qb3 Kg7 31. Rxd5 Qe7 32. e4 1-0


[Site "https://www.chess.com"]

[Event "Titled Tuesday Blitz November 22 Early 2022"]
[White "Thorhallsson, Simon"]
[Black "Fernandez Hernandez, Gerardo"]
[WhiteFideId "2310090"]
[BlackFideId "2207400"]
[WhiteElo "2109"]
[BlackElo "2249"]
[Result "1-0"]
[Round "05"]
[TimeControl "180+1"]
[Date "2022.11.23"]
[WhiteClock "0:00:09"]
[BlackClock "0:00:01"]

1. Nf3 Nf6 2. d4 g6 3. Bf4 Bg7 4. Nc3 d5 5. h4 Bg4 6. e3 Nbd7 7. Qd2 Bxf3 8. gxf3 c6 9. O-O-O Nh5 10. Bh2 O-O 11. Be2 e5 12. dxe5 Nxe5 13. Bxe5 Bxe5 14. f4 Bxc3 15. Qxc3 Nf6 16. h5 Ne4 17. Qe1 Qf6 18. Bf3 Nc5 19. Qb4 b6 20. Qd4 Qxd4 21. Rxd4 f5 22. Rdd1 Kg7 23. c4 dxc4 24. Rd6 Rac8 25. Bxc6 Rf6 26. h6+ Kf7 27. Bd5+ Ke7 28. Rxf6 Kxf6 29. Bxc4 Nd3+ 30. Kd2 Nxf2 31. Rc1 Ne4+ 32. Kd1 Rd8+ 33. Ke1 Rd2 34. Be2 Rxb2 35. Rc7 Rb1+ 36. Bd1 Nf2 37. Kxf2 Rxd1 38. Rxa7 Rd2+ 39. Kf3 Rh2 40. Rb7 Rxa2 41. Rxh7 1-0


[Site "https://www.chess.com"]

[Event "Titled Tuesday Blitz November 22 Early 2022"]
[White "Timofeev, Artyom"]
[Black "Arabidze, Meri"]
[WhiteFideId "4140419"]
[BlackFideId "13604040"]
[WhiteElo "2586"]
[BlackElo "2403"]
[Result "1-0"]
[Round "05"]
[TimeControl "180+1"]
[Date "2022.11.23"]
[WhiteClock "0:00:47"]
[BlackClock "0:00:03"]

1. d4 f5 2. Bf4 Nf6 3. e3 e6 4. Nf3 b6 5. Be2 Bb7 6. O-O Be7 7. c4 O-O 8. Nc3 Ne4 9. Nxe4 fxe4 10. Nd2 Bg5 11. Bg3 Bh4 12. Qc2 Bxg3 13. hxg3 d5 14. cxd5 exd5 15. Rac1 c6 16. f4 Nd7 17. g4 c5 18. dxc5 bxc5 19. Nb3 Rc8 20. g5 d4 21. Qc4+ Kh8 22. Qe6 Re8 23. Qh3 Nf8 24. Rxc5 d3 25. Bg4 Rxc5 26. Nxc5 Bd5 27. Bf5 g6 28. Bg4 Qb6 29. Na4 Qc6 30. Nc3 Qc5 31. Kh2 Be6 32. f5 Bxf5 33. Bxf5 gxf5 34. Rxf5 Qd6+ 35. Qg3 Qxg3+ 36. Kxg3 Ng6 37. Rd5 Ne5 38. Rd4 Nf7 39. Kf4 Rg8 40. Nxe4 Rf8 41. Rxd3 Nd6+ 42. Nf6 1-0


[Site "https://www.chess.com"]

[Event "Titled Tuesday Blitz November 22 Early 2022"]
[White "Tologon tegin, Semetei"]
[Black "Jumabayev, Rinat"]
[WhiteFideId "13800574"]
[BlackFideId "13702661"]
[WhiteElo "2282"]
[BlackElo "2561"]
[Result "1-0"]
[Round "05"]
[TimeControl "180+1"]
[Date "2022.11.23"]
[WhiteClock "0:00:53"]
[BlackClock "0:00:11"]

1. e4 c5 2. Nf3 Nc6 3. d4 cxd4 4. Nxd4 Nf6 5. Nc3 d6 6. Bg5 e6 7. Qd3 a6 8. Nxc6 bxc6 9. Qg3 h6 10. Be3 Rb8 11. O-O-O Qa5 12. Bc4 Qb4 13. Bb3 c5 14. a3 Qb6 15. e5 dxe5 16. Qxe5 Be7 17. Na4 Qb5 18. Bc4 Qxc4 19. Qxb8 O-O 20. Nb6 Qb5 21. Qc7 Ne4 22. Qxe7 Qxb6 23. f3 Qc6 1-0


[Site "https://www.chess.com"]

[Event "Titled Tuesday Blitz November 22 Early 2022"]
[White "Topalov, Aleksandar"]
[Black "Malka, Samuel"]
[WhiteFideId "925659"]
[BlackFideId "20643675"]
[WhiteElo "2179"]
[BlackElo "2452"]
[Result "0-1"]
[Round "05"]
[TimeControl "180+1"]
[Date "2022.11.23"]
[WhiteClock "0:01:38"]
[BlackClock "0:00:16"]

1. b3 e5 2. Bb2 Nc6 3. c4 Nf6 4. e3 d5 5. cxd5 Nxd5 6. a3 Bd6 7. Qc2 Qe7 8. d3 Be6 9. Nf3 g5 10. h3 h5 11. Nbd2 O-O 12. Nc4 f6 13. g3 Kf7 14. Bg2 Rad8 15. d4 exd4 16. Nxd4 Nxd4 17. Bxd4 c5 18. Bb2 Kg7 19. Nxd6 Rxd6 20. O-O b6 21. Rfd1 Rfd8 22. e4 Nc7 23. e5 Rxd1+ 24. Rxd1 Rxd1+ 25. Qxd1 f5 26. Qxh5 Nb5 27. Bc6 Nd4 28. Be8 Bxb3 29. e6 Bxe6 30. Qg6+ Kf8 31. Ba4 Bd5 32. Bxd4 Qe1+ 0-1


[Site "https://www.chess.com"]

[Event "Titled Tuesday Blitz November 22 Early 2022"]
[White "Torres Dominguez, David"]
[Black "monkins"]
[WhiteFideId "2220857"]
[WhiteElo "2037"]
[BlackElo "2250"]
[Result "1-0"]
[Round "05"]
[TimeControl "180+1"]
[Date "2022.11.23"]
[WhiteClock "0:00:16"]
[BlackClock "0:00:05"]

1. e4 c5 2. Nf3 g6 3. d4 cxd4 4. Nxd4 Nf6 5. Nc3 Nc6 6. Be3 Bg7 7. Bc4 O-O 8. f3 a6 9. Qd2 Re8 10. O-O-O Nxd4 11. Bxd4 b5 12. Bb3 b4 13. Nd5 Nxd5 14. exd5 d6 15. h4 a5 16. Ba4 Bd7 17. Bxd7 Qxd7 18. Bxg7 Kxg7 19. h5 Qf5 20. g4 Qf6 21. hxg6 Qxg6 22. f4 f6 23. g5 f5 24. Rh6 Qf7 25. Rdh1 Rh8 26. Qd4+ Kg8 27. g6 Qg7 28. gxh7+ Kf8 29. Qd3 Qf7 30. R6h5 Ke8 31. Rxf5 Qg6 32. Rf8+ 1-0


[Site "https://www.chess.com"]

[Event "Titled Tuesday Blitz November 22 Early 2022"]
[White "Tristan, Leonardo"]
[Black "Le, Tuan Minh"]
[WhiteFideId "113816"]
[BlackFideId "12401153"]
[WhiteElo "2461"]
[BlackElo "2530"]
[Result "0-1"]
[Round "05"]
[TimeControl "180+1"]
[Date "2022.11.22"]
[WhiteClock "0:01:48"]
[BlackClock "0:01:45"]

1. d4 d5 2. Nf3 Nf6 3. Bf4 c5 4. e3 Qb6 5. Nc3 Bd7 6. dxc5 Qxc5 7. Bd3 g6 8. O-O Bg7 9. e4 dxe4 10. Nxe4 Nxe4 11. Bxe4 Bc6 12. Bxc6+ Nxc6 13. c3 O-O 14. Qb3 b6 15. Rad1 Rad8 16. Bc7 Na5 17. Bxd8 Nxb3 18. axb3 Bf6 19. Rfe1 Re8 20. Rd7 Qb5 21. Rd6 exd6 0-1


[Site "https://www.chess.com"]

[Event "Titled Tuesday Blitz November 22 Early 2022"]
[White "Tuleyeva-Aketayeva, Dana"]
[Black "Hirneise, Jens"]
[WhiteFideId "13701932"]
[BlackFideId "24614734"]
[WhiteElo "2030"]
[BlackElo "2344"]
[Result "1/2-1/2"]
[Round "05"]
[TimeControl "180+1"]
[Date "2022.11.23"]
[WhiteClock "0:01:43"]
[BlackClock "0:00:23"]

1. Nf3 d5 2. g3 c6 3. Bg2 Nf6 4. O-O g6 5. d4 Bg7 6. c4 O-O 7. Nc3 Ne4 8. cxd5 Nxc3 9. bxc3 cxd5 10. Ne5 Nc6 11. Nxc6 bxc6 12. a4 Ba6 13. Re1 e5 14. Ba3 Re8 15. e3 e4 16. Bb4 Rb8 17. Bc5 Rb7 18. Rb1 Qc7 19. Qd2 Reb8 1/2-1/2


[Site "https://www.chess.com"]

[Event "Titled Tuesday Blitz November 22 Early 2022"]
[White "Unat, Can Haktan"]
[Black "Cruz Mendez, Jean Marco"]
[WhiteFideId "6398073"]
[BlackFideId "3526402"]
[WhiteElo "2146"]
[BlackElo "2064"]
[Result "1-0"]
[Round "05"]
[TimeControl "180+1"]
[Date "2022.11.23"]
[WhiteClock "0:00:06"]
[BlackClock "0:00:13"]

1. e4 c5 2. Nf3 Nc6 3. Bb5 g6 4. c3 Nf6 5. e5 Nd5 6. O-O Bg7 7. d4 cxd4 8. cxd4 O-O 9. Bc4 Nb6 10. Bb3 d5 11. Nc3 Bg4 12. Be3 e6 13. h3 Bxf3 14. Qxf3 a6 15. Rac1 Rc8 16. Rfd1 Na5 17. Na4 Nxa4 18. Bxa4 b5 19. Bb3 Nc4 20. Bxc4 bxc4 21. Bd2 Rb8 22. Bc3 Qd7 23. Qe2 Rfc8 24. f4 Qa4 25. g4 Bh6 26. Qf3 Qd7 27. Rc2 a5 28. Rg2 a4 29. f5 Bf8 30. Rf1 a3 31. bxa3 Bxa3 32. h4 Bb4 33. h5 Bxc3 34. Qxc3 Rb5 35. hxg6 hxg6 36. fxg6 fxg6 37. Qc2 Kg7 38. Rf6 Qe8 39. Rgf2 Rcb8 40. Qc3 Rb1+ 41. Kg2 R8b7 42. Qc2 R1b2 43. Qxb2 Rxb2 44. Rxb2 Qd7 45. g5 Qa7 46. Rbf2 c3 47. Kf1 Qa6+ 48. Ke1 Qa7 49. Rf7+ Qxf7 50. Rxf7+ Kxf7 51. Kd1 1-0


[Site "https://www.chess.com"]

[Event "Titled Tuesday Blitz November 22 Early 2022"]
[White "Urazayev, Arystanbek"]
[Black "Begmuratov, Khumoyun"]
[WhiteFideId "13709810"]
[BlackFideId "14210207"]
[WhiteElo "2441"]
[BlackElo "2267"]
[Result "1-0"]
[Round "05"]
[TimeControl "180+1"]
[Date "2022.11.23"]
[WhiteClock "0:00:24"]
[BlackClock "0:00:06"]

1. d4 Nf6 2. c4 e6 3. Nc3 Bb4 4. e3 O-O 5. Bd3 d5 6. a3 Bxc3+ 7. bxc3 dxc4 8. Bxc4 c5 9. Ne2 b6 10. O-O Bb7 11. Ba2 cxd4 12. cxd4 Bd5 13. Bb1 Be4 14. Bxe4 Nxe4 15. f3 Nd6 16. e4 Nc6 17. d5 exd5 18. Qxd5 Na5 19. Bf4 Ndc4 20. Nc3 Qf6 21. Ne2 Rad8 22. Qg5 Qxg5 23. Bxg5 Rd3 24. Nf4 Rd2 25. Nd5 Rb2 26. Be7 Re8 27. Rfb1 Rc2 28. Rc1 Rb2 29. Rab1 Rxb1 30. Rxb1 f6 31. Bb4 Kf7 32. Rc1 Rc8 33. Ne7 Rc7 34. Nf5 Rd7 35. Kf2 g6 36. Ne3 b5 37. Nd5 Nc6 38. Bc5 N6e5 39. Ke2 a5 40. Rb1 Rb7 41. f4 Nc6 42. Kd3 Ke6 43. a4 f5 44. axb5 Nd6 45. Bxd6 Kxd6 46. Kc4 fxe4 47. Rd1 Nd8 48. Nc3+ Ke7 49. Nxe4 Ne6 50. g3 Rc7+ 51. Kb3 Rb7 52. Ka4 Rc7 53. Re1 Rc2 54. Ng5 Ra2+ 55. Kb3 Rxh2 56. Rxe6+ Kd7 57. Ra6 Kc7 58. Ne6+ Kb7 59. Nc5+ Kc7 60. Rc6+ Kb8 61. b6 Rh3 62. b7 Rxg3+ 63. Ka4 Ka7 64. Ra6+ Kb8 65. Ra8+ Kc7 66. Rc8+ Kd6 67. b8=Q+ Kd5 68. Qe5+ Kc4 69. Ne4+ Kd3 70. Nxg3 Kd2 71. Qe4 Kd1 72. Rc2 h5 73. Qe2# 1-0


[Site "https://www.chess.com"]

[Event "Titled Tuesday Blitz November 22 Early 2022"]
[White "Valle Maytin, Luis Enrique"]
[Black "Kiseljova, Marya"]
[WhiteFideId "3503666"]
[BlackFideId "4155009"]
[WhiteElo "2225"]
[BlackElo "1907"]
[Result "1-0"]
[Round "05"]
[TimeControl "180+1"]
[Date "2022.11.23"]
[WhiteClock "0:00:57"]
[BlackClock "0:00:01"]

1. e4 c5 2. Nf3 Nc6 3. d4 cxd4 4. Nxd4 g6 5. Nc3 Bg7 6. Be3 Nf6 7. f3 O-O 8. Qd2 d5 9. O-O-O dxe4 10. fxe4 Bg4 11. Be2 Bxe2 12. Qxe2 Nxd4 13. Bxd4 Qa5 14. Kb1 Rfd8 15. Qe3 Ng4 16. Qg1 e5 17. Bc5 Rxd1+ 18. Nxd1 b6 19. Ba3 Rd8 20. h3 Nf6 21. Nc3 b5 22. Be7 Rd7 23. Bxf6 Bxf6 24. Qc5 a6 25. Nd5 Bg7 26. a3 Bf8 27. Qc6 Rd6 28. Qb7 Kg7 29. Rf1 Qd8 30. Qxf7+ Kh8 31. Qxf8+ Qxf8 32. Rxf8+ Kg7 33. Ra8 h5 34. Ra7+ Kh6 35. Re7 1-0


[Site "https://www.chess.com"]

[Event "Titled Tuesday Blitz November 22 Early 2022"]
[White "Vasques, Antonio Pedro Freixial"]
[Black "Malyi, Viacheslav"]
[WhiteFideId "1908332"]
[BlackFideId "14123983"]
[WhiteElo "2243"]
[BlackElo "2291"]
[Result "0-1"]
[Round "05"]
[TimeControl "180+1"]
[Date "2022.11.23"]
[WhiteClock "0:00:02"]
[BlackClock "0:00:42"]

1. e4 e5 2. Nf3 Nc6 3. Bc4 Bc5 4. O-O Nf6 5. d4 exd4 6. e5 d5 7. exf6 dxc4 8. Re1+ Be6 9. Ng5 Qd5 10. Nc3 Qf5 11. Nce4 Bb6 12. fxg7 Rg8 13. Ng3 Qg6 14. Nh5 O-O-O 15. Nxe6 fxe6 16. Kh1 d3 17. cxd3 Bxf2 18. Rf1 Bb6 19. Bd2 cxd3 20. Bc3 e5 21. Qf3 e4 22. Qh3+ Kb8 23. Rf6 Qe8 24. Raf1 e3 25. Rf8 e2 26. Re1 Rxf8 27. gxf8=Q Qxf8 28. Nf6 a6 29. Qf5 Qe7 30. Nd5 Qd7 31. Qxd7 Rxd7 32. Nxb6 cxb6 33. g3 d2 0-1


[Site "https://www.chess.com"]

[Event "Titled Tuesday Blitz November 22 Early 2022"]
[White "Viskelis, Darius"]
[Black "Shubenkova, Veronika"]
[WhiteFideId "12800830"]
[BlackFideId "44124040"]
[WhiteElo "2025"]
[BlackElo "2027"]
[Result "1-0"]
[Round "05"]
[TimeControl "180+1"]
[Date "2022.11.23"]
[WhiteClock "0:00:07"]
[BlackClock "0:00:01"]

1. e4 c6 2. d4 d5 3. exd5 cxd5 4. c4 Nf6 5. Nc3 e6 6. cxd5 exd5 7. Nf3 Nc6 8. h3 Be7 9. Bd3 O-O 10. O-O Re8 11. Re1 a6 12. Bg5 b5 13. Rc1 Bb7 14. Bb1 Qb6 15. Bxf6 Bxf6 16. Nxd5 Rxe1+ 17. Qxe1 Qd8 18. Nxf6+ Qxf6 19. d5 Nd4 20. Nxd4 Qxd4 21. Rd1 Qf6 22. d6 Qg5 23. Be4 Bxe4 24. Qxe4 Rd8 25. d7 h5 26. Qe8+ Kh7 27. Qxf7 Kh6 28. Rd5 Qc1+ 29. Kh2 Qc7+ 30. f4 g6 31. Qf6 Rxd7 32. Rxd7 Qxd7 33. Qh8+ Qh7 34. Qxh7+ Kxh7 35. g4 Kg7 36. Kg3 hxg4 37. hxg4 Kf6 38. Kh4 a5 39. a3 a4 40. Kg3 Ke6 41. Kh3 Kd5 42. Kh4 Ke4 43. Kg5 Kd3 44. f5 gxf5 45. gxf5 Kc2 46. f6 Kxb2 47. f7 Kxa3 48. f8=Q+ b4 49. Kf4 Kb3 50. Qf7+ Kb2 51. Qf6+ Ka2 52. Ke3 b3 53. Kd2 b2 54. Qe6+ Ka1 55. Qe5 1-0


[Site "https://www.chess.com"]

[Event "Titled Tuesday Blitz November 22 Early 2022"]
[White "Vlassov, Nikolai"]
[Black "Kilic, Eray"]
[WhiteFideId "4103360"]
[BlackFideId "44517173"]
[WhiteElo "2324"]
[BlackElo "2328"]
[Result "1-0"]
[Round "05"]
[TimeControl "180+1"]
[Date "2022.11.23"]
[WhiteClock "0:00:50"]
[BlackClock "0:00:06"]

1. e4 c5 2. c3 d5 3. exd5 Qxd5 4. d4 Nc6 5. Nf3 Bg4 6. Be2 e6 7. h3 Bh5 8. c4 Qd8 9. d5 exd5 10. g4 Bg6 11. cxd5 Nb8 12. Bb5+ Nd7 13. Ne5 Nf6 14. Qe2 Be7 15. d6 Bxb1 16. dxe7 Qa5+ 17. Bd2 Qc7 18. Rxb1 a6 19. Bxd7+ Nxd7 20. Nxd7 Kxd7 21. O-O Rae8 22. Rfe1 Kc8 23. Rbc1 Kb8 24. b4 Ka8 25. Rxc5 Qd6 26. Bc3 f6 27. Qe4 Rb8 28. Rd5 Qc6 29. Bd2 Rhe8 30. Bf4 Rbc8 31. Rc1 Qb6 32. Rxc8+ Rxc8 33. e8=Q 1-0


[Site "https://www.chess.com"]

[Event "Titled Tuesday Blitz November 22 Early 2022"]
[White "Williams, Simon K"]
[Black "Osinovsky, Stepan"]
[WhiteFideId "404454"]
[BlackFideId "4157354"]
[WhiteElo "2468"]
[BlackElo "2222"]
[Result "0-1"]
[Round "05"]
[TimeControl "180+1"]
[Date "2022.11.23"]
[WhiteClock "0:00:05"]
[BlackClock "0:00:05"]

1. d4 Nf6 2. c4 g6 3. h4 Bg7 4. Nc3 h5 5. e4 d6 6. Be2 Nbd7 7. Nf3 c5 8. O-O Ng4 9. Bg5 a6 10. a4 Qa5 11. dxc5 Bxc3 12. bxc3 Nxc5 13. Qd4 f6 14. Rab1 Kf7 15. Bc1 Qxa4 16. Nd2 Bd7 17. f3 Ne6 18. Qd3 Nf4 19. fxg4 Nxd3 20. Bxd3 hxg4 21. g3 Qc6 22. Nb3 b5 23. Kg2 bxc4 24. Nd4 Qc5 25. Bc2 Rab8 26. Be3 Rxb1 27. Rxb1 Qc7 28. Ra1 Ra8 29. Rh1 a5 30. h5 g5 31. h6 Rh8 32. h7 Kg7 33. Ba4 Rxh7 34. Rb1 Rh8 35. Bxd7 Qxd7 36. Rb6 a4 37. Ra6 Rb8 38. Nf5+ Kg6 39. Bd4 Rb2+ 40. Kf1 Qb7 0-1


[Site "https://www.chess.com"]